| TOP OF THE 1ST |
|
State College Spikes batting - Pitching for Batavia Muckdogs : RHP Gabe Behrend
|
|
Pitching: RHP Gabe Behrend
|
|
|
Batting: RHB Mario Mendoza
|
0-0: Foul Ball, location: 2F 0-1: Ball 1-1: SINGLE (Line Drive, 5D, EV 101.9 MPH)
|
|
Batting: RHB Tim Cleary
|
0-0: Fly out, F5 (Line Drive, 5, EV 67.5 MPH)
|
|
Batting: RHB Mark Marks
|
0-0: Ball Mario Mendoza steals 2nd base 1-0: Ball 2-0: Ball 3-0: Called Strike 3-1: Base on Balls
|
|
Batting: RHB Melvin Enriquez
|
0-0: Ball 1-0: Ball 2-0: Ball 3-0: Called Strike 3-1: Foul Ball, location: 2F 3-2: Grounds into double play, 6-4-3 (Groundball, 6M, EV 83.1 MPH)
|
| Top of the 1st over - 0 runs, 1 hit, 0 errors, 1 left on base; State College 0 - Batavia 0 |
| BOTTOM OF THE 1ST |
|
Batavia Muckdogs batting - Pitching for State College Spikes : RHP El-Shamy Saami
|
|
Pitching: RHP El-Shamy Saami
|
|
|
Batting: RHB Calvin Morin
|
0-0: Called Strike 0-1: Ball 1-1: Swinging Strike 1-2: Strikes out swinging
|
|
Batting: LHB David Doge
|
0-0: Called Strike 0-1: Ground out U3 (Groundball, 34, EV 98.1 MPH)
|
|
Batting: RHB J.J. Barajas
|
0-0: Ball 1-0: Ball 2-0: Called Strike 2-1: Called Strike 2-2: Ground out 5-3 (Groundball, 56S, EV 85.6 MPH)
|
| Bottom of the 1st over - 0 runs, 0 hits, 0 errors, 0 left on base; State College 0 - Batavia 0 |
| TOP OF THE 2ND |
|
State College Spikes batting - Pitching for Batavia Muckdogs : RHP Gabe Behrend
|
|
Batting: RHB Chris LaReau
|
0-0: Called Strike 0-1: Reached on error, E3 (Groundball, 34S, EV 72.5 MPH)
|
|
Batting: LHB Dustin Horsley
|
0-0: Fielders Choice at 2nd, 6-4 (Groundball, 6S, EV 86.9 MPH)
|
|
Batting: RHB Brad Payne
|
0-0: Called Strike 0-1: Called Strike 0-2: Ball 1-2: Strikes out swinging Dustin Horsley steals 2nd base (no throw) Batter strikes out.
|
|
Batting: RHB Francisco de la Cruz
|
0-0: Called Strike 0-1: Called Strike 0-2: Foul Ball, location: 2F 0-2: Ball 1-2: Foul Ball, location: 2F 1-2: Foul Ball, location: 2F 1-2: Foul Ball, location: 2F 1-2: Ball 2-2: Ground out U3 (Groundball, 3, EV 80.6 MPH)
|
| Top of the 2nd over - 0 runs, 0 hits, 1 error, 1 left on base; State College 0 - Batavia 0 |
| BOTTOM OF THE 2ND |
|
Batavia Muckdogs batting - Pitching for State College Spikes : RHP El-Shamy Saami
|
|
Batting: RHB Len Graham
|
0-0: Ball 1-0: Swinging Strike 1-1: Swinging Strike 1-2: Strikes out swinging
|
|
Batting: LHB Ryan Thompson
|
0-0: Called Strike 0-1: Swinging Strike 0-2: Strikes out swinging
|
|
Batting: RHB Larry LeFever
|
0-0: Called Strike 0-1: Ball 1-1: Called Strike 1-2: Strikes out swinging
|
| Bottom of the 2nd over - 0 runs, 0 hits, 0 errors, 0 left on base; State College 0 - Batavia 0 |
| TOP OF THE 3RD |
|
State College Spikes batting - Pitching for Batavia Muckdogs : RHP Gabe Behrend
|
|
Pitching: RHP Giampaolo Nobile
|
|
|
Batting: RHB Ray Souza
|
0-0: Ball 1-0: Called Strike 1-1: Ball 2-1: Foul Ball, location: 2F 2-2: Ball 3-2: Strikes out swinging
|
|
Batting: RHB Mario Mendoza
|
0-0: Ball 1-0: Called Strike 1-1: Ball 2-1: Ball 3-1: Fly out, F4 (Line Drive, 4, EV 75.0 MPH)
|
|
Batting: RHB Tim Cleary
|
0-0: Foul Ball, location: 2F 0-1: Ball 1-1: Foul Ball, location: 2F 1-2: Ball 2-2: DOUBLE (Line Drive, 89D, EV 110.0 MPH)
|
|
Batting: RHB Mark Marks
|
0-0: Ball 1-0: SINGLE (Flyball, 6D, EV 85.6 MPH) Tim Cleary to third Runner from 3rd tries for Home, SAFE, throw by CF to home
|
|
Pitching: RHP Ryan Babbitt
|
|
|
Batting: RHB Melvin Enriquez
|
0-0: Ball 1-0: 2-RUN HOME RUN (Flyball, 78XD, EV 100.6 MPH), Distance : 398 ft
|
|
Batting: RHB Chris LaReau
|
0-0: Ball 1-0: Called Strike 1-1: Ball 2-1: Foul Ball, location: 2F 2-2: Foul Ball, location: 2F 2-2: Foul Ball, location: 2F 2-2: Strikes out swinging
|
| Top of the 3rd over - 3 runs, 3 hits, 0 errors, 0 left on base; State College 3 - Batavia 0 |
| BOTTOM OF THE 3RD |
|
Batavia Muckdogs batting - Pitching for State College Spikes : RHP El-Shamy Saami
|
|
Batting: RHB Hiromitsu Yamada
|
0-0: Foul Ball, location: 2F 0-1: Ball 1-1: Called Strike 1-2: Strikes out swinging
|
|
Batting: RHB Jayson Johnson
|
0-0: Ball 1-0: Ball 2-0: SINGLE (Groundball, P, EV 85.0 MPH) (infield hit)
|
|
Batting: RHB Jose Trevino
|
0-0: Foul Ball, location: 2F 0-1: Fly out, F3 (Line Drive, 3, EV 70.6 MPH) Lined into DP, U3 (Line Drive, 3, EV 69.4 MPH)
|
| Bottom of the 3rd over - 0 runs, 1 hit, 0 errors, 0 left on base; State College 3 - Batavia 0 |
| TOP OF THE 4TH |
|
State College Spikes batting - Pitching for Batavia Muckdogs : RHP Ryan Babbitt
|
|
Batting: LHB Dustin Horsley
|
0-0: Called Strike 0-1: Called Strike 0-2: Foul Ball, location: 2F 0-2: Strikes out looking
|
|
Batting: RHB Brad Payne
|
0-0: Foul Ball, location: 2F 0-1: Called Strike 0-2: Ball 1-2: SOLO HOME RUN (Flyball, 7D, EV 96.2 MPH), Distance : 368 ft
|
|
Batting: RHB Francisco de la Cruz
|
0-0: Called Strike 0-1: Swinging Strike 0-2: Strikes out looking
|
|
Pitching: RHP Scott Feltham
|
|
|
Batting: RHB Ray Souza
|
0-0: Foul Ball, location: 2F 0-1: Swinging Strike 0-2: Strikes out swinging
|
| Top of the 4th over - 1 run, 1 hit, 0 errors, 0 left on base; State College 4 - Batavia 0 |
| BOTTOM OF THE 4TH |
|
Batavia Muckdogs batting - Pitching for State College Spikes : RHP El-Shamy Saami
|
|
Batting: RHB Calvin Morin
|
0-0: Ball 1-0: Ball 2-0: Called Strike 2-1: Ball 3-1: Base on Balls
|
|
Batting: LHB David Doge
|
0-0: Called Strike Calvin Morin steals 2nd base 0-1: Ball Passed Ball! Calvin Morin to third 1-1: Ball 2-1: Called Strike 2-2: Foul Ball, location: 2F 2-2: Foul Ball, location: 2F 2-2: DOUBLE (Flyball, 89D, EV 93.8 MPH) Calvin Morin scores
|
|
Batting: RHB J.J. Barajas
|
0-0: Ball 1-0: Called Strike 1-1: Foul Ball, location: 2F 1-2: Ball 2-2: Strikes out swinging
|
|
Batting: RHB Len Graham
|
0-0: Ball 1-0: Called Strike 1-1: Ground out 6-3 (Groundball, 6, EV 105.0 MPH)
|
|
Batting: LHB Ryan Thompson
|
0-0: Called Strike 0-1: Swinging Strike 0-2: Strikes out swinging
|
| Bottom of the 4th over - 1 run, 1 hit, 0 errors, 1 left on base; State College 4 - Batavia 1 |
| TOP OF THE 5TH |
|
State College Spikes batting - Pitching for Batavia Muckdogs : RHP Scott Feltham
|
|
Batting: RHB Mario Mendoza
|
0-0: Ball 1-0: Ball 2-0: Foul Ball, location: 2F 2-1: Ball 3-1: Foul Ball, location: 2F 3-2: DOUBLE (Flyball, 89D, EV 111.9 MPH)
|
|
Batting: RHB Tim Cleary
|
0-0: Called Strike 0-1: Ball 1-1: SINGLE (Line Drive, 89S, EV 105.0 MPH) Mario Mendoza to third
|
|
Batting: RHB Mark Marks
|
0-0: Called Strike 0-1: Ball 1-1: Called Strike Tim Cleary steals 2nd base 1-2: Ball 2-2: Foul Ball, location: 2F 2-2: Foul Ball, location: 2F 2-2: Ground out 5-3 (Groundball, 5S, EV 69.4 MPH)
|
|
Pitching: RHP Alex Garza
|
|
|
Batting: RHB Melvin Enriquez
|
0-0: Ball 1-0: Swinging Strike 1-1: Called Strike 1-2: Ball 2-2: Foul Ball, location: 2F 2-2: Ball 3-2: Strikes out swinging
|
|
Batting: RHB Chris LaReau
|
0-0: Foul Ball, location: 2F 0-1: Ball 1-1: SINGLE (Groundball, 6M, EV 95.0 MPH) Mario Mendoza scores Tim Cleary to third Runner from 3rd tries for Home, SAFE, throw by CF to home
|
|
Batting: LHB Dustin Horsley
|
0-0: Foul Ball, location: 2F 0-1: Swinging Strike Passed Ball! Chris LaReau to second 0-2: Strikes out looking
|
| Top of the 5th over - 2 runs, 3 hits, 0 errors, 1 left on base; State College 6 - Batavia 1 |
| BOTTOM OF THE 5TH |
|
Batavia Muckdogs batting - Pitching for State College Spikes : RHP El-Shamy Saami
|
|
Batting: RHB Larry LeFever
|
0-0: Called Strike 0-1: Foul Ball, location: 2F 0-2: Ball 1-2: Ground out 6-3 (Groundball, 56, EV 106.9 MPH)
|
|
Batting: RHB Hiromitsu Yamada
|
0-0: Called Strike 0-1: Called Strike 0-2: Strikes out looking
|
|
Batting: RHB Jayson Johnson
|
0-0: DOUBLE (Flyball, 8LXD, EV 105.0 MPH)
|
|
Batting: RHB Jose Trevino
|
0-0: Ball 1-0: Ball 2-0: Swinging Strike 2-1: Foul Ball, location: 2F 2-2: Strikes out swinging
|
| Bottom of the 5th over - 0 runs, 1 hit, 0 errors, 1 left on base; State College 6 - Batavia 1 |
| TOP OF THE 6TH |
|
State College Spikes batting - Pitching for Batavia Muckdogs : RHP Alex Garza
|
|
Batting: RHB Brad Payne
|
0-0: DOUBLE (Flyball, 78XD, EV 93.8 MPH)
|
|
Batting: RHB Francisco de la Cruz
|
0-0: Ball 1-0: Swinging Strike 1-1: Ball 2-1: Ball 3-1: Base on Balls
|
|
Batting: RHB Ray Souza
|
0-0: DOUBLE (Line Drive, 7LS, EV 101.9 MPH) Brad Payne scores Francisco de la Cruz to third
|
|
Batting: RHB Mario Mendoza
|
0-0: Ball 1-0: Foul Ball, location: 2F 1-1: SINGLE (Groundball, 6D, EV 103.8 MPH) Francisco de la Cruz scores Ray Souza to third
|
|
Batting: RHB Tim Cleary
|
0-0: Called Strike 0-1: Foul Ball, location: 2F 0-2: Ball Mario Mendoza is caught stealing 2nd base 2-4 1-2: SINGLE (Groundball, 4MD, EV 94.4 MPH) Ray Souza scores
|
|
Batting: RHB Mark Marks
|
0-0: Ball 1-0: Swinging Strike 1-1: Foul Ball, location: 2F 1-2: SINGLE (Line Drive, 78S, EV 93.8 MPH) Tim Cleary to second
|
|
Batting: RHB Melvin Enriquez
|
0-0: Ball 1-0: Ball 2-0: Ball 3-0: Foul Ball, location: 2F 3-1: Base on Balls Tim Cleary to third Mark Marks to second
|
|
Batting: RHB Chris LaReau
|
0-0: Ball 1-0: Ball 2-0: Ball 3-0: Called Strike 3-1: Called Strike 3-2: Fly out, F8 (Flyball, 8RS, EV 88.1 MPH) Runner from 3rd tags up, SCORES, throw by CF
|
|
Batting: LHB Dustin Horsley
|
0-0: Ground out U3 (Groundball, 3, EV 104.4 MPH)
|
| Top of the 6th over - 4 runs, 5 hits, 0 errors, 2 left on base; State College 10 - Batavia 1 |
| BOTTOM OF THE 6TH |
|
Batavia Muckdogs batting - Pitching for State College Spikes : RHP El-Shamy Saami
|
|
Batting: RHB Calvin Morin
|
0-0: Swinging Strike 0-1: Ball 1-1: Ground out 6-3 (Groundball, 6, EV 78.1 MPH)
|
|
Batting: LHB David Doge
|
0-0: Ball 1-0: Ball 2-0: Swinging Strike 2-1: TRIPLE (Flyball, 89XD, EV 103.1 MPH)
|
|
Batting: RHB J.J. Barajas
|
0-0: Ball 1-0: Foul Ball, location: 2F 1-1: SINGLE (Line Drive, 34D, EV 95.0 MPH) David Doge scores
|
|
Batting: RHB Len Graham
|
0-0: Ball Wild Pitch! J.J. Barajas to second 1-0: Fly out, F9 (Line Drive, 9, EV 93.1 MPH)
|
|
Batting: LHB Ryan Thompson
|
0-0: Foul Ball, location: 2F 0-1: Ball 1-1: Called Strike 1-2: SINGLE (Groundball, 4D, EV 109.4 MPH) J.J. Barajas to third Runner from 3rd tries for Home, SAFE, throw by CF to home
|
|
Pitching: RHP Ed Puentes
|
|
|
Batting: RHB Larry LeFever
|
0-0: Ball 1-0: Ball 2-0: Called Strike 2-1: Ball 3-1: Foul Ball, location: 2F 3-2: Strikes out swinging
|
| Bottom of the 6th over - 2 runs, 3 hits, 0 errors, 1 left on base; State College 10 - Batavia 3 |
| TOP OF THE 7TH |
|
State College Spikes batting - Pitching for Batavia Muckdogs : RHP Alex Garza
|
|
Batting: RHB Brad Payne
|
0-0: Ball 1-0: SINGLE (Line Drive, 8RS, EV 90.6 MPH)
|
|
Batting: RHB Francisco de la Cruz
|
0-0: Ball 1-0: Grounds into double play, 5-4-3 (Groundball, 56, EV 81.2 MPH)
|
|
Batting: RHB Ray Souza
|
0-0: Foul Ball, location: 2F 0-1: Foul Ball, location: 2F 0-2: Foul Ball, location: 2F 0-2: Ball 1-2: Foul Ball, location: 2F 1-2: Strikes out swinging
|
| Top of the 7th over - 0 runs, 1 hit, 0 errors, 0 left on base; State College 10 - Batavia 3 |
| BOTTOM OF THE 7TH |
|
Batavia Muckdogs batting - Pitching for State College Spikes : RHP Ed Puentes
|
|
Batting: RHB Hiromitsu Yamada
|
0-0: Swinging Strike 0-1: Foul Ball, location: 2F 0-2: Ball 1-2: Ground out 5-3 (Groundball, 56, EV 90.6 MPH)
|
|
Batting: RHB Jayson Johnson
|
0-0: Ball 1-0: Ball 2-0: Called Strike 2-1: Called Strike 2-2: Fly out, F9 (Line Drive, 89S, EV 96.2 MPH)
|
|
Batting: RHB Jose Trevino
|
0-0: Ball 1-0: Foul Ball, location: 2F 1-1: Ball 2-1: Ball 3-1: Foul Ball, location: 2F 3-2: Ground out 4-3 (Groundball, 4, EV 78.8 MPH)
|
| Bottom of the 7th over - 0 runs, 0 hits, 0 errors, 0 left on base; State College 10 - Batavia 3 |
| TOP OF THE 8TH |
|
State College Spikes batting - Pitching for Batavia Muckdogs : RHP Alex Garza
|
|
Batting: RHB Mario Mendoza
|
0-0: Ball 1-0: Ball 2-0: Ball 3-0: Base on Balls
|
|
Batting: RHB Tim Cleary
|
0-0: Ball Mario Mendoza is caught stealing 2nd base 2-4 1-0: SINGLE (Groundball, 56S, EV 66.2 MPH) (infield hit)
|
|
Batting: RHB Mark Marks
|
0-0: Called Strike 0-1: Foul Ball, location: 2F 0-2: Ball 1-2: DOUBLE (Flyball, 8LXD, EV 99.4 MPH) Tim Cleary to third Runner from 3rd tries for Home, SAFE, throw by CF to home
|
|
Pitching: LHP Mario Tirado
|
|
|
Batting: RHB Melvin Enriquez
|
0-0: Called Strike 0-1: Swinging Strike 0-2: Ball 1-2: Fly out, F9 (Flyball, 9D, EV 92.5 MPH) Runner from 2nd tags up, SAFE at 3rd, no throw by RF
|
|
Batting: RHB Chris LaReau
|
0-0: Ball 1-0: Ball 2-0: Called Strike 2-1: Swinging Strike 2-2: Ground out 4-3 (Groundball, 4S, EV 75.0 MPH)
|
| Top of the 8th over - 1 run, 2 hits, 0 errors, 1 left on base; State College 11 - Batavia 3 |
| BOTTOM OF THE 8TH |
|
Batavia Muckdogs batting - Pitching for State College Spikes : RHP Ed Puentes
|
|
Pinch Hitting: LHB Andrew van Dongen
|
0-0: Swinging Strike 0-1: Fly out, F7 (Flyball, 7LS, EV 83.8 MPH)
|
|
Batting: LHB David Doge
|
0-0: Ball 1-0: Swinging Strike 1-1: Fly out, F8 (Flyball, 89D, EV 106.2 MPH)
|
|
Pinch Hitting: RHB Jose Aviles
|
0-0: Called Strike 0-1: Fly out, F7 (Flyball, 78S, EV 96.9 MPH)
|
| Bottom of the 8th over - 0 runs, 0 hits, 0 errors, 0 left on base; State College 11 - Batavia 3 |
| TOP OF THE 9TH |
|
State College Spikes batting - Pitching for Batavia Muckdogs : LHP Mario Tirado
|
|
Now at 2B: Len Graham
|
|
|
Now at SS: Ryuki Ogasawara
|
|
|
Now in CF: David Doge
|
|
|
Now in RF: Andrew van Dongen
|
|
|
Batting: LHB Dustin Horsley
|
0-0: Called Strike 0-1: Ground out U3 (Groundball, 3L, EV 84.4 MPH)
|
|
Batting: RHB Brad Payne
|
0-0: Foul Ball, location: 2F 0-1: Called Strike 0-2: Foul Ball, location: 2F 0-2: Ball 1-2: Ground out 6-3 (Groundball, 56D, EV 81.9 MPH)
|
|
Batting: RHB Francisco de la Cruz
|
0-0: Foul Ball, location: 2F 0-1: Ball 1-1: Foul Ball, location: 2F 1-2: Foul Ball, location: 2F 1-2: SINGLE (Line Drive, 5D, EV 101.2 MPH)
|
|
Batting: RHB Ray Souza
|
0-0: Foul Ball, location: 2F 0-1: Ground out 5-3 (Groundball, 56, EV 109.4 MPH)
|
| Top of the 9th over - 0 runs, 1 hit, 0 errors, 1 left on base; State College 11 - Batavia 3 |
| BOTTOM OF THE 9TH |
|
Batavia Muckdogs batting - Pitching for State College Spikes : RHP Ed Puentes
|
|
Batting: RHB Len Graham
|
0-0: Foul Ball, location: 2F 0-1: SINGLE (Line Drive, 6D, EV 103.1 MPH)
|
|
Pitching: RHP Dan Hardman
|
|
|
Batting: LHB Ryan Thompson
|
0-0: Called Strike 0-1: Ball 1-1: Ball Wild Pitch! Len Graham to second 2-1: Called Strike 2-2: Ball 3-2: Strikes out swinging
|
|
Pinch Hitting: LHB Carlos Mosqueda
|
0-0: Ball 1-0: Called Strike 1-1: Foul Ball, location: 2F 1-2: Fly out, F7 (Flyball, 7S, EV 88.1 MPH)
|
|
Pinch Hitting: SHB Dan Zink
|
0-0: SINGLE (Line Drive, 89S, EV 93.1 MPH) Len Graham to third
|
|
Batting: RHB Jayson Johnson
|
0-0: Foul Ball, location: 2F 0-1: Fielders Choice at 2nd, 6-4 (Groundball, 6, EV 85.6 MPH)
|
| Bottom of the 9th over - 0 runs, 2 hits, 0 errors, 2 left on base; State College 11 - Batavia 3 |
|